[Event "Mitropa Cup Women 2024"]
[Site "Apolda"]
[Date "2024.02.22"]
[Round "8.9"]
[White "Cvitan, Ena"]
[Black "Brunello, Marina"]
[Result "1/2-1/2"]
[ECO "E52"]
[WhiteElo "2242"]
[BlackElo "2345"]
[Annotator "TA"]
[PlyCount "78"]
[EventDate "2024.02.15"]
[EventType "team-tourn"]
[EventCountry "GER"]
[SourceTitle "playchess.com"]
[Source "ChessBase"]
[SourceQuality "1"]
[WhiteTeam "Croatia"]
[BlackTeam "Italy"]
[WhiteTeamCountry "CRO"]
[BlackTeamCountry "ITA"]
[TimeControl "40/5400+30:1800+30"]

1. d4 Nf6 2. c4 e6 3. Nc3 Bb4 4. e3 O-O 5. Bd2 b6 6. Nf3 Bb7 7. Bd3 d5 8. cxd5 exd5 9. Rc1 a6 10. O-O Bd6 11. Ne5 c5 12. f4 Nc6 13. Na4 {[%emt 0:00:39] Die Stellung ist ausgeglichen.} c4 $1 {[%emt 0:07:59] Droht ...b5 und aus.} 14. Bb1 b5 15. Nc3 Ne7 16. Qf3 {[%emt 0:00:28] Es drohte Ne4} b4 17. Ne2 Rb8 18. Be1 a5 19. Bh4 $1 {[%emt 0:03:21] Schwarz muss nun Bxf6 beachten. Weiß steht deutlich aktiver.} Ng6 ({Besser ist} 19... Ne4 $1 $14) 20. Bxf6 Qxf6 21. Nd7 Qe7 22. Nxf8 Nxf8 23. Ng3 g6 (23... Qf6 $142) 24. f5 $16 Re8 25. Rce1 Nd7 26. e4 (26. Bc2 $18) 26... Bxg3 27. hxg3 ({Günstiger ist} 27. Qxg3 $16 dxe4 28. Bc2) 27... dxe4 $11 28. Qf4 Kg7 29. Qc7 (29. g4 $11) 29... Nf6 $15 30. Qxc4 g5 (30... Qd6 $15 31. fxg6 hxg6) 31. Qb5 (31. Qc5 $142) 31... Qc7 {[%emt 0:08:16][%mdl 1024] Schwarz hat Kompensation.} 32. Re3 Rd8 33. Qe5 (33. Qc5 $1 $11 Qd7 34. Rd1 (34. Qxa5 $2 Qxd4 35. Rfe1 Ng4 $19)) 33... Qb6 (33... Qc4 $1 $15 34. b3 (34. Bxe4 Re8 $17) (34. Qxa5 $2 Qxd4 35. Rfe1 Ng4 $19) 34... Qxd4 35. Qxd4 Rxd4) 34. Qc5 $1 $11 (34. Bxe4 $2 {geht unter.} Re8 (34... Qxd4 $2 35. Qxd4 Rxd4 36. Bxb7 $18) 35. Qc5 (35. Qxe8 $2 Nxe8 36. Bxb7 Qxd4 $19) 35... Qxc5 36. dxc5 Nxe4 $19 (36... Bxe4 37. Rfe1 $17)) 34... Qa6 {[%emt 0:01:27] Zielt auf ...Rd5 ab.} 35. Rd1 $2 {[%emt 0:05:49][%mdl 8192] [#]} (35. Bd3 $1 $11 {und Weiss ist OK.} Qa8 (35... exd3 36. Re6 $16) 36. Bc4) 35... Rc8 $1 $19 36. Qe5 Re8 37. Qc5 Rc8 38. Qe5 Re8 39. Qc5 {[%emt 0:01:36] [#]} Rc8 $2 {[%emt 0:02:07] Schwarz hat seine Chance genutzt.   Gewichteter Fehlerwert: Weiß=0.29 (präzise) /Schwarz=0.36.  Verlustzug:     	Weiß=1     	---        Gewinn verpasst:   	---       	Schwarz=1     Fehler:       	Weiß=5     	Schwarz=4     Ungenau:       	---       	Schwarz=4     OK:         	Weiß=15    	Schwarz=11    Bester:       	Weiß=1     	Schwarz=2     Stark:        	Weiß=2     	Schwarz=2} (39... Ng4 $1 $19 40. f6+ Qxf6) 1/2-1/2

[Event "Mitropa Cup Women 2024"]
[Site "Apolda"]
[Date "2024.02.22"]
[Round "8.10"]
[White "Zimina, Olga"]
[Black "Medic, Mirjana"]
[Result "1-0"]
[ECO "A07"]
[WhiteElo "2291"]
[BlackElo "2151"]
[Annotator "TA"]
[PlyCount "73"]
[EventDate "2024.02.15"]
[EventType "team-tourn"]
[EventCountry "GER"]
[SourceTitle "playchess.com"]
[Source "ChessBase"]
[SourceQuality "1"]
[WhiteTeam "Italy"]
[BlackTeam "Croatia"]
[WhiteTeamCountry "ITA"]
[BlackTeamCountry "CRO"]
[TimeControl "40/5400+30:1800+30"]

1. Nf3 d5 2. g3 Nf6 3. Bg2 c6 4. O-O Bf5 5. d3 h6 6. Nbd2 Nbd7 7. Nh4 Bh7 8. e4 dxe4 {[%emt 0:01:48] The position is equal.} 9. dxe4 e5 10. Qe2 Qc7 11. a4 a5 12. Nf5 g6 (12... Bxf5 $14 13. exf5 Be7) 13. Ne3 $16 Bg7 14. b3 O-O 15. Bb2 Rfe8 16. Rad1 Nc5 {[%emt 0:04:05] [#]} 17. f3 $1 Kh8 18. Ndc4 Nfd7 19. Bh3 Bg8 20. Qd2 {[%emt 0:00:23][%cal Od2d6] White has more active pieces.} Nf8 (20... f6 $142) 21. Ba3 Red8 22. Qf2 Nfd7 $2 {[%emt 0:10:24] [#] This costs Black the game.} (22... Nfe6 $16 23. Bxe6 Nxe6) 23. Rxd7 $1 $18 Nxd7 24. Bd6 Qc8 25. Nb6 Nxb6 26. Bxc8 Raxc8 27. Ba3 c5 28. Qe1 {[%emt 0:00:57] White is clearly winning.} Bf8 29. Qxa5 Rc6 {[%emt 0:02:47] [#]} 30. Nd5 $1 Ra8 31. Qb5 Nxd5 32. Qxb7 Rcc8 33. exd5 f6 34. Rd1 Rab8 35. Qa6 Kg7 36. d6 Rd8 37. Bxc5 {[%emt 0:00:14] Weighted Error Value: White=0.06 (flawless) /Black=0.35.  Loses game:     	---       	Black=1      Mistake:       	---       	Black=2      Inaccurate:     	White=1     	---        OK:         	White=16    	Black=7      Best:        	White=1     	---        Strong:       	White=1     	---} 1-0

[Event "Mitropa Cup Women 2024"]
[Site "Apolda"]
[Date "2024.02.22"]
[Round "8.11"]
[White "Vujnovic, Patricija"]
[Black "Gueci, Tea"]
[Result "0-1"]
[ECO "D01"]
[WhiteElo "2104"]
[BlackElo "2193"]
[Annotator "RC"]
[PlyCount "66"]
[EventDate "2024.02.15"]
[EventType "team-tourn"]
[EventCountry "GER"]
[SourceTitle "playchess.com"]
[Source "ChessBase"]
[SourceQuality "1"]
[WhiteTeam "Croatia"]
[BlackTeam "Italy"]
[WhiteTeamCountry "CRO"]
[BlackTeamCountry "ITA"]
[TimeControl "40/5400+30:1800+30"]

1. d4 Nf6 2. Nc3 d5 3. Bg5 Nbd7 4. f3 c5 5. e4 cxd4 6. Qxd4 e5 7. Qa4 d4 8. Nd5 Be7 9. Bxf6 Bxf6 10. Bb5 O-O 11. Bxd7 Bh4+ 12. g3 Bxd7 13. Qa3 Bf6 14. Ne2 Bb5 15. Rd1 Rc8 16. Rd2 Bg5 17. f4 exf4 18. gxf4 Bh4+ 19. Kd1 Re8 20. Nxd4 Rxe4 21. Nxb5 Qe8 22. c4 Rcxc4 23. Ndc3 Rxf4 24. Nd6 Qc6 25. Rg1 Rcd4 26. Ne2 Rxd2+ 27. Kxd2 Rf6 28. Nxf7 Rxf7 29. Rg4 Rd7+ 30. Nd4 Bf6 31. Qxa7 h5 32. Qb8+ Kh7 33. Ke3 Qc1+ 0-1

[Event "Mitropa Cup Women 2024"]
[Site "Apolda"]
[Date "2024.02.22"]
[Round "8.12"]
[White "Cassi, Elisa"]
[Black "Mihaljevic, Eva"]
[Result "1-0"]
[ECO "B51"]
[WhiteElo "2033"]
[BlackElo "2043"]
[Annotator "NA RC"]
[PlyCount "71"]
[EventDate "2024.02.15"]
[EventType "team-tourn"]
[EventCountry "GER"]
[SourceTitle "playchess.com"]
[Source "ChessBase"]
[SourceQuality "1"]
[WhiteTeam "Italy"]
[BlackTeam "Croatia"]
[WhiteTeamCountry "ITA"]
[BlackTeamCountry "CRO"]
[TimeControl "40/5400+30:1800+30"]

1. e4 c5 2. Nf3 d6 3. Bb5+ Nd7 4. Ba4 Ngf6 5. O-O e6 6. Re1 a6 7. c4 Be7 8. Nc3 O-O 9. d3 Qc7 10. h3 Rd8 11. a3 Nf8 12. Bd2 Bd7 13. b4 Bxa4 14. Qxa4 N6d7 15. Qb3 Ne5 16. Re3 Nfg6 17. g3 h5 18. Qd1 h4 19. Nxh4 Bxh4 20. gxh4 Qe7 21. h5 Nf4 22. Rg3 Nexd3 23. Bxf4 Nxf4 24. Qg4 Qf6 25. Rf3 e5 26. Nd5 Qe6 27. Nxf4 exf4 28. Qxf4 cxb4 29. axb4 Rac8 30. h6 gxh6 31. Qh4 Kg7 32. Kh1 Re8 33. Rg1+ Kf8 34. Rfg3 f5 35. f3 Rxc4 36. Rg6 1-0

[Event "Mitropa Cup Women 2024"]
[Site "Apolda"]
[Date "2024.02.22"]
[Round "8.13"]
[White "Iglesias, Yosha"]
[Black "Novosadova, Kristyna"]
[Result "1-0"]
[ECO "A43"]
[WhiteElo "2260"]
[BlackElo "2188"]
[Annotator "TA"]
[PlyCount "55"]
[EventDate "2024.02.15"]
[EventType "team-tourn"]
[EventCountry "GER"]
[SourceTitle "playchess.com"]
[Source "ChessBase"]
[SourceQuality "1"]
[WhiteTeam "France"]
[BlackTeam "Czech Republic"]
[WhiteTeamCountry "FRA"]
[BlackTeamCountry "CZE"]
[TimeControl "40/5400+30:1800+30"]

1. d4 Nf6 2. Nf3 c5 3. d5 g6 4. Nc3 d6 5. e4 Bg7 6. h3 O-O 7. a4 Na6 8. Bc4 Nb4 9. O-O b6 (9... e6 $11 {remains equal.}) 10. Re1 Nd7 (10... e6 $14) 11. Bg5 $16 {[%emt 0:05:09] Black is weak on the light squares} Ba6 12. Bb5 Bb7 13. Qd2 Ne5 14. Nxe5 dxe5 {[%emt 0:00:19] [#]} ({Black should try} 14... Bxe5 15. Nd1 Bg7) 15. a5 $1 {[%emt 0:07:26][%cal Ba4a5,Ba5a6][%mdl 544] White is more active.} f6 (15... h6 16. Be3) 16. a6 Bc8 17. Bh4 Bd7 18. Bc4 Qc8 (18... Qe8 $142 19. f3 e6) 19. Ra3 e6 20. Nb5 {[%emt 0:07:41] Black must now prevent Nd6.} exd5 21. exd5 g5 (21... Bxb5 $16 22. Bxb5 Qf5) 22. Bg3 $18 Qe8 $2 (22... Kh8 23. c3 Nxa6) 23. Nc7 Qg6 24. Nxa8 {[%emt 0:00:51] White is clearly winning.} Qxc2 (24... Rxa8 $142 25. c3 Nc2 26. d6+ Kh8) 25. Qxc2 Nxc2 {[%emt 0:00:09] [#]} 26. Nxb6 $1 axb6 (26... Be8 27. Nc8) 27. d6+ Kh8 {[%emt 0:00:04] [#]} 28. Bd5 $1 {[%emt 0:02:21] Wards off Ra8.   Weighted Error Value: White=0.13 (very precise) /Black=0.56.  Mistake:       	---       	Black=7      Inaccurate:     	White=1     	Black=1      OK:         	White=6     	Black=6      Best:        	---       	Black=1} 1-0

[Event "Mitropa Cup Women 2024"]
[Site "Apolda"]
[Date "2024.02.22"]
[Round "8.14"]
[White "Koubova, Anna Marie"]
[Black "Schippke, Manon"]
[Result "0-1"]
[ECO "A10"]
[WhiteElo "2100"]
[BlackElo "2162"]
[Annotator "RC"]
[PlyCount "111"]
[EventDate "2024.02.15"]
[EventType "team-tourn"]
[EventCountry "GER"]
[SourceTitle "playchess.com"]
[Source "ChessBase"]
[SourceQuality "1"]
[WhiteTeam "Czech Republic"]
[BlackTeam "France"]
[WhiteTeamCountry "CZE"]
[BlackTeamCountry "FRA"]
[TimeControl "40/5400+30:1800+30"]

1. Nf3 e6 2. c4 f5 3. d3 Nf6 4. Nc3 d6 5. e4 e5 6. exf5 Bxf5 7. d4 Nbd7 8. Be2 c6 9. O-O Qc7 10. b4 Be7 11. Qb3 O-O 12. Bb2 e4 13. Nh4 Be6 14. d5 Bf7 15. Nf5 Ne5 16. Ng3 b5 17. Ncxe4 Nxe4 18. Nxe4 bxc4 19. Bxc4 Nxc4 20. Qxc4 Bxd5 21. Qd4 Rf7 22. Nc3 Be6 23. b5 Rb8 24. Rac1 Bf6 25. Qe4 Re7 26. Ba3 d5 27. Qe2 c5 28. Na4 Bd7 29. Qd2 Rxb5 30. Nxc5 Qe5 31. Nd3 Qe2 32. Qd1 Qxd1 33. Rfxd1 Re2 34. Nc5 Bc6 35. Na6 Rxa2 36. Rxc6 Rxa3 37. Nc7 Rd3 38. Re1 Rb6 39. Rc5 d4 40. Nd5 Rb7 41. Nxf6+ gxf6 42. Rd5 Kf7 43. g3 Re7 44. Rxe7+ Kxe7 45. Ra5 Rd1+ 46. Kg2 d3 47. Rxa7+ Ke6 48. Kf3 Re1 49. Ra2 Kd5 50. Kf4 Kc4 51. Kf5 Re2 52. Ra7 Rxf2+ 53. Ke4 d2 54. Rd7 Kc3 55. h4 Rf1 56. Rd3+ 0-1

[Event "Mitropa Cup Women 2024"]
[Site "Apolda"]
[Date "2024.02.22"]
[Round "8.15"]
[White "Navrotescu, Andreea"]
[Black "Lhotska, Anna"]
[Result "1-0"]
[ECO "E68"]
[WhiteElo "2222"]
[BlackElo "2053"]
[Annotator "RC"]
[PlyCount "91"]
[EventDate "2024.02.15"]
[EventType "team-tourn"]
[EventCountry "GER"]
[SourceTitle "playchess.com"]
[Source "ChessBase"]
[SourceQuality "1"]
[WhiteTeam "France"]
[BlackTeam "Czech Republic"]
[WhiteTeamCountry "FRA"]
[BlackTeamCountry "CZE"]
[TimeControl "40/5400+30:1800+30"]

1. d4 Nf6 2. c4 g6 3. g3 Bg7 4. Bg2 O-O 5. Nf3 d6 6. Nc3 Nbd7 7. O-O e5 8. e4 exd4 9. Nxd4 Re8 10. h3 a6 11. Be3 Rb8 12. a4 Ne5 13. b3 Bd7 14. Qc2 c5 15. Nde2 Nc6 16. Rad1 Nb4 17. Qc1 Qc7 18. Qd2 Qc8 19. g4 Bc6 20. Ng3 Rd8 21. Bg5 Rd7 22. Nd5 Bxd5 23. exd5 b5 24. axb5 axb5 25. Rfe1 bxc4 26. bxc4 Ra8 27. Qf4 Ne8 28. Re2 Rda7 29. Bf1 f6 30. Rde1 Qd7 31. Bh6 g5 32. Qf5 Bxh6 33. Qxd7 Rxd7 34. Rxe8+ Rxe8 35. Rxe8+ Kf7 36. Ra8 Bf8 37. Bg2 Nd3 38. Be4 Ne5 39. Bf5 Rb7 40. Be6+ Kg6 41. Rxf8 Nf3+ 42. Kg2 Nh4+ 43. Kf1 Rb1+ 44. Ke2 Rb2+ 45. Kd3 Rxf2 46. Rg8+ 1-0

[Event "Mitropa Cup Women 2024"]
[Site "Apolda"]
[Date "2024.02.22"]
[Round "8.16"]
[White "Rybackova, Lucie"]
[Black "Blanquet, Camille"]
[Result "1/2-1/2"]
[ECO "D02"]
[WhiteElo "1970"]
[BlackElo "2023"]
[Annotator "RC"]
[PlyCount "109"]
[EventDate "2024.02.15"]
[EventType "team-tourn"]
[EventCountry "GER"]
[SourceTitle "playchess.com"]
[Source "ChessBase"]
[SourceQuality "1"]
[WhiteTeam "Czech Republic"]
[BlackTeam "France"]
[WhiteTeamCountry "CZE"]
[BlackTeamCountry "FRA"]
[TimeControl "40/5400+30:1800+30"]

1. d4 Nf6 2. Nf3 e6 3. g3 d5 4. Bg2 h6 5. O-O Bd6 6. c4 O-O 7. b3 b6 8. Bb2 Bb7 9. Nc3 Nbd7 10. Rc1 Re8 11. e3 a6 12. Qc2 Rc8 13. Qb1 Qe7 14. Rfd1 c5 15. dxc5 Nxc5 16. cxd5 Nxd5 17. Nxd5 Bxd5 18. Qa1 f5 19. Ne5 Bxg2 20. Kxg2 Ne4 21. f3 Bxe5 22. Bxe5 Nf6 23. Bxf6 Qxf6 24. Qxf6 gxf6 25. Kf2 Kf7 26. Rd7+ Kg6 27. Rcc7 Rxc7 28. Rxc7 Rd8 29. Ke2 Rd6 30. a3 e5 31. Rc8 e4 32. Rc4 Rd3 33. Rb4 b5 34. a4 bxa4 35. bxa4 Ra3 36. fxe4 fxe4 37. Rxe4 Kf5 38. Kf3 Ra2 39. Rc4 Kg6 40. h3 h5 41. Rd4 Kf7 42. Rc4 Kg6 43. e4 Ra3+ 44. Kf4 Ra1 45. h4 Ra3 46. Rd4 Ra1 47. Kf3 Ra3+ 48. Kf4 Ra1 49. Rc4 Ra3 50. Rb4 Ra1 51. Ke3 Ra3+ 52. Kf4 Ra1 53. Rd4 Ra3 54. Rc4 Ra1 55. Rd4 1/2-1/2

[Event "Mitropa Cup Women 2024"]
[Site "Apolda"]
[Date "2024.02.22"]
[Round "8.17"]
[White "Heinemann, Josefine"]
[Black "Urh, Zala"]
[Result "0-1"]
[ECO "C90"]
[WhiteElo "2361"]
[BlackElo "2290"]
[Annotator "TA"]
[PlyCount "74"]
[EventDate "2024.02.15"]
[EventType "team-tourn"]
[EventCountry "GER"]
[SourceTitle "playchess.com"]
[Source "ChessBase"]
[SourceQuality "1"]
[WhiteTeam "Germany"]
[BlackTeam "Slovenia"]
[WhiteTeamCountry "GER"]
[BlackTeamCountry "SLO"]
[TimeControl "40/5400+30:1800+30"]

1. e4 e5 2. Nf3 Nc6 3. Bb5 a6 4. Ba4 Nf6 5. d3 b5 6. Bb3 Be7 7. O-O O-O 8. Re1 Bb7 9. a4 d6 10. c3 Na5 11. Bc2 c5 12. Nbd2 Nc6 13. Nf1 Re8 14. Ng3 Bf8 15. h3 h6 16. d4 {[%emt 0:05:37] The position is equal.} exd4 17. cxd4 Nb4 18. Bb1 cxd4 19. Nxd4 d5 20. e5 (20. axb5 dxe4 21. bxa6 Qb6 $11) 20... Ne4 21. Qg4 {[%emt 0:01:29] White wants to play Ngf5.} (21. axb5 Bc5 $16) 21... Rxe5 22. Ndf5 (22. Bxh6 $2 {too greedy.} Nf6 23. Qd1 Rxe1+ 24. Qxe1 gxh6 $19) 22... Kh8 23. Be3 Nxg3 24. Qxg3 Qf6 25. Rd1 $2 {[%emt 0:11:02] [#]} (25. axb5 $11 {and White is okay.} Bc8 (25... Rxf5 26. Qc7 $14) 26. Nd4) 25... Rxf5 $19 26. Bxf5 Qxf5 27. Qc7 {[%emt 0:00:05] Prevents Nc2} (27. axb5 Rc8 (27... axb5 $2 {loses.} 28. Rxa8 Bxa8 29. Qb8 $18) 28. Ra5) 27... Bc6 28. axb5 Bxb5 29. Rac1 Nd3 30. Qb7 Re8 31. Rc7 Kg8 {[%emt 0:00:02][%cal Oe8e3] [#] White must now prevent ...Rxe3!} 32. Qb6 Nxb2 33. Rd4 Nc4 34. Qb7 Nxe3 {[%emt 0:00:50] Black mates.} 35. fxe3 Qf1+ 36. Kh2 Bd6+ 37. Rf4 Bxf4+ {[%emt 0:00:16] Weighted Error Value: White=0.99/Black=0.04 (flawless) .  Loses game:     	White=1     	---        Mistake:       	White=1     	---        Inaccurate:     	White=1     	Black=2      OK:         	White=2     	Black=8      Best:        	White=1     	Black=4} 0-1

[Event "Mitropa Cup Women 2024"]
[Site "Apolda"]
[Date "2024.02.22"]
[Round "8.18"]
[White "Shpanko, Nadiia"]
[Black "Klek, Hanna Marie"]
[Result "0-1"]
[ECO "D32"]
[WhiteElo "2179"]
[BlackElo "2284"]
[Annotator "TA"]
[PlyCount "50"]
[EventDate "2024.02.15"]
[EventType "team-tourn"]
[EventCountry "GER"]
[SourceTitle "playchess.com"]
[Source "ChessBase"]
[SourceQuality "1"]
[WhiteTeam "Slovenia"]
[BlackTeam "Germany"]
[WhiteTeamCountry "SLO"]
[BlackTeamCountry "GER"]
[TimeControl "40/5400+30:1800+30"]

1. Nf3 d5 2. e3 Nf6 3. c4 e6 4. Nc3 c5 5. cxd5 exd5 6. d4 Nc6 7. Bb5 cxd4 8. Nxd4 Bd7 9. O-O Bd6 10. Nf3 Bg4 11. h3 (11. Nxd5 $2 Nxd5 12. e4 Nde7 $19) 11... Bh5 {[%emt 0:00:51] The position is equal.} 12. g4 (12. Nxd5 $2 Nxd5 13. b3 (13. Qxd5 $2 Bh2+ 14. Kxh2 Qxd5 $19) 13... O-O $19) (12. Be2 $11) 12... Bg6 $15 13. g5 (13. Nxd5 $2 Nxd5 14. e4 (14. Qxd5 $2 Bh2+ 15. Nxh2 Qxd5 $19) 14... Nc7 (14... Bxe4 $2 15. Re1 $19) 15. Bxc6+ bxc6 $19) ({White should play} 13. Kg2 $15) 13... Ne4 $17 14. Qxd5 {[%emt 0:11:48] [#]} (14. Nd4 $17 {was called for.} O-O (14... Qxg5+ 15. Qg4 $14) 15. Qg4) 14... O-O $1 $19 {[%emt 0:04:02] Strongly threatening ...Nxc3.} 15. Bxc6 (15. Nxe4 $2 Bh2+ 16. Nxh2 Qxd5 17. Bxc6 bxc6 $19) 15... bxc6 16. Qd4 (16. Qd1 {was the only chance.}) 16... Qe7 ({But not} 16... Nxg5 17. Nxg5 Qxg5+ 18. Qg4 $19) 17. h4 $2 (17. Qc4) 17... Rad8 18. Qc4 {[%emt 0:02:02] [#]} Qd7 $1 19. Ne1 {[%emt 0:02:53] [#]} Qh3 $1 20. f4 Ng3 21. Ng2 {[%emt 0:02:16] [#]} Bb4 $1 22. Qxb4 Qh1+ 23. Kf2 Nxf1 {[%emt 0:00:12] Black is clearly winning.} (23... Qxf1+ 24. Kxg3 a5 25. Qc5 $11) 24. b3 Nh2 {[%emt 0:04:02] ( -> ...Ng4+)} 25. f5 Bh5 {[%emt 0:02:10] White got outplayed after the opening.   Weighted Error Value: White=1.15/Black=0.11 (very precise) .  Mistake:       	White=5     	---        Inaccurate:     	White=2     	---        OK:         	White=2     	Black=4      Best:        	---       	Black=1      Strong:       	---       	Black=1} 0-1

[Event "Mitropa Cup Women 2024"]
[Site "Apolda"]
[Date "2024.02.22"]
[Round "8.19"]
[White "Schulze, Lara"]
[Black "Vidic, Teja"]
[Result "1-0"]
[ECO "C64"]
[WhiteElo "2285"]
[BlackElo "2132"]
[Annotator "TA"]
[PlyCount "115"]
[EventDate "2024.02.15"]
[EventType "team-tourn"]
[EventCountry "GER"]
[SourceTitle "playchess.com"]
[Source "ChessBase"]
[SourceQuality "1"]
[WhiteTeam "Germany"]
[BlackTeam "Slovenia"]
[WhiteTeamCountry "GER"]
[BlackTeamCountry "SLO"]
[TimeControl "40/5400+30:1800+30"]

1. e4 e5 2. Nf3 Nc6 3. Bb5 a6 4. Ba4 Bc5 5. O-O Nge7 6. c3 (6. Nxe5 $5 Nxe5 7. d4 $14) 6... Ba7 7. d4 Ng6 8. Bg5 f6 {[%emt 0:00:06] Weiß steht etwas besser.} 9. Be3 O-O 10. Nbd2 d6 11. Re1 Kh8 12. Bb3 Qe8 13. h3 Nd8 14. Nf1 exd4 15. cxd4 Qxe4 16. Rc1 Qe7 17. d5 {[%emt 0:06:43] Droht Bxa7 und aus.} Qd7 (17... Bxe3 $14 18. Rxe3 Qd7) 18. Bxa7 $16 Rxa7 {[%emt 0:00:06] [#]} 19. Nd4 ({Günstiger ist} 19. Bc2 $1 $16 {Zielt auf Ng3 ab.} c5 20. dxc6 Nxc6 21. Ne3) 19... c5 $14 20. Ne6 Re8 (20... Nxe6 $11 21. dxe6 Qd8) 21. Qh5 {[%emt 0:05:00] Weiß steht deutlich aktiver. Die schwarzen Türme stehen passiv.} (21. Ng3 $16) 21... Qf7 $11 22. Nxd8 (22. Ng3 $11 Nxe6 23. dxe6 Bxe6 24. Rxe6 Rxe6 25. Qf5) 22... Rxd8 $15 23. Re3 (23. Bc2 $142) 23... Re8 (23... b5 $17 24. Rce1 Rf8) 24. Rce1 Re5 (24... Rxe3 $15 {scheint genauer.} 25. Rxe3 b5) 25. Rxe5 $11 fxe5 (25... dxe5 $15 26. Bc2 b5) 26. Ng3 {[%emt 0:00:20] Bc2 ist eine echte Drohung.} b5 27. Ne4 Qe7 28. Ng5 Nf8 29. f4 h6 30. fxe5 {[%emt 0:03:59][%cal Oe5e6] Und e6! würde nun gewinnen.} Qxg5 31. Qe8 $40 {[%emt 0:00:05][%mdl 128] Schwarz muss sich nun genau verteidigen.} Bxh3 (31... Qf5 $2 32. Rf1 (32. exd6 $2 Rf7 $19) 32... Bd7 33. Rxf5 (33. Qxf8+ Qxf8 34. Rxf8+ Kh7 $18) 33... Bxe8 34. Rxf8+ Kh7 35. Rxe8 $18) 32. Qxf8+ Kh7 33. Qf3 Bg4 34. Bc2+ g6 35. Qg3 ({Besser ist} 35. Qf2 $11) 35... Bf5 (35... dxe5 $15 36. Rxe5 Qc1+ 37. Kh2 Qxc2 (37... Qxb2 $2 38. Bxg6+ Kg7 39. Bh5 $18) 38. Qxg4 Qxb2) 36. Qxg5 $14 hxg5 37. exd6 {[%emt 0:00:30][%mdl 4096] Endspiel. Und jetzt Bxf5 wäre schön. KRB-KRB} Ra8 $2 (37... Bxc2 $2 38. Re7+ Rxe7 39. dxe7 $18) (37... Kg7 $14 38. Bxf5 gxf5) 38. Re7+ Kh6 39. Bxf5 gxf5 $16 {[%emt 0:00:05] KR-KR} 40. Rc7 (40. Kf2 $16 Rd8 41. d7) 40... c4 $2 {[%emt 0:01:24] [#] Damit ist Schwarz auf der Verliererstraße.} (40... Kg6 $11 {und Schwarz steht sicher.}) 41. Kf2 $1 $18 Kh5 $2 (41... Rd8) 42. Ke3 Kg4 43. Kd4 Kg3 44. Ke5 f4 45. d7 {[%emt 0:02:25] Rc8 wäre nun fies.} Rd8 46. Ke6 Kxg2 47. Rc8 {[%emt 0:00:08] Weiß setzt Matt.} Rxd7 48. Kxd7 {[%emt 0:00:03] KR-KP} f3 49. d6 f2 50. Rf8 b4 51. Ke7 c3 52. bxc3 bxc3 53. d7 c2 54. Rc8 (54. d8=R $2 {ist das falsche Schlagen.} c1=Q (54... c1=B 55. Rf6 $18) 55. Rc8 f1=Q $19) 54... f1=Q 55. Rxc2+ (55. d8=B $2 {geht unter.} c1=Q (55... c1=B $2 56. a4 $19) (55... c1=R $2 56. Rxc1 Qxc1 57. a4 $19) 56. Rxc1 Qxc1 $19) 55... Kg3 56. d8=Q (56. d8=B $2 {zu gefräßig.} Qe1+ 57. Kf7 Qf1+ 58. Bf6 Qf5 $19) 56... Qe1+ 57. Kf7 Qf1+ 58. Qf6 {[%emt 0:01:15] Gewichteter Fehlerwert: Weiß=0.18 (sehr präzise) /Schwarz=0.45.  Verlustzug:     	---       	Schwarz=2     Fehler:       	Weiß=6     	Schwarz=7     Ungenau:       	Weiß=1     	Schwarz=1     OK:         	Weiß=10    	Schwarz=11    Bester:       	Weiß=4     	Schwarz=4     Stark:        	Weiß=1     	---} 1-0